 Dungeon Crawl Stone Soup version 0.17.0-28-g6e173f8 (webtiles) character file.

4452 dohliylev the Covert (level 10, 0/51 HPs)
             Began as a Vine Stalker Assassin on Nov 28, 2015.
             Was an Initiate of Dithmenos.
             Killed by the air
             ... invoked by Gastronok
              (18 damage)
             ... on level 9 of the Dungeon.
             The game lasted 01:01:25 (7184 turns).

dohliylev the Covert (Vine Stalker Assassin)        Turns: 7184, Time: 01:01:25

Health: 0/51       AC:  7    Str: 14    XL:     10   Next: 37%
Magic:  0/11       EV: 17    Int: 11    God:    Dithmenos [......]
Gold:   439        SH:  8    Dex: 19    Spells: 0 memorised, 9 levels left

rFire  . . .     SeeInvis +     a - +3 dagger
rCold  . . .     Clarity  .     B - +1 robe {MR+}
rNeg   . . .     SustAt   .     A - +2 buckler
rPois  +         Gourm    .     w - +2 helmet
rElec  .         Spirit   +     d - +0 cloak
rCorr  .         Warding  .     (no gloves)
rMut   .         Stasis   .     (no boots)
MR     ++...                    (no amulet)
Stlth  +++++.....               x - ring of see invisible
                                J - ring of poison resistance

@: very resistant to hostile enchantments, quite stealthy
A: fangs 3, regeneration 2, magic shield, antimagic bite, no device heal 3, rot
immunity
a: Renounce Religion


You were on level 9 of the Dungeon.
You worshipped Dithmenos.
Dithmenos was noncommittal.
You were hungry.

You visited 2 branches of the dungeon, and saw 10 of its levels.
You also visited: Sewer.

You collected 439 gold pieces.

Inventory:

Hand Weapons
 a - a +3 dagger (weapon)
 b - a +0 blowgun
 u - a +1 vampiric dagger
Missiles
 C - 7 poisoned needles
 Q - 5 needles of slowing
Armour
 d - a +0 cloak (worn)
 w - a +2 helmet (worn)
 A - a +2 buckler (worn)
 B - a +1 robe of magic resistance (worn)
Rods
 k - a cursed +1 rod of destruction (12/12)
   (You found it on level 8 of the Dungeon)
Jewellery
 r - an uncursed ring of flight
 x - a ring of see invisible (right hand)
 E - an uncursed ring of fire
 G - an uncursed ring of fire
 J - a ring of poison resistance (left hand)
 N - an uncursed ring of wizardry
Wands
 t - a wand of lightning (2)
 M - a wand of digging (20)
Scrolls
 c - a scroll of random uselessness {unknown}
 l - 2 scrolls of enchant armour
 n - 3 scrolls of remove curse
 v - 2 scrolls of fog {unknown}
 y - 3 scrolls of fear {unknown}
 F - 2 scrolls of recharging
 H - 2 scrolls of amnesia
 K - 2 scrolls of magic mapping {unknown}
 L - 3 scrolls of teleportation {unknown}
 O - 3 scrolls of identify
 P - a scroll of acquirement {unknown}
 R - a scroll of noise {unknown}
 S - 4 scrolls of holy word {unknown}
 T - a scroll of torment {unknown}
Potions
 i - 8 potions of curing
 m - 4 potions of haste
 o - 4 potions of magic {unknown}
 p - 3 potions of might {unknown}
 z - 2 potions of heal wounds {unknown}
 D - a potion of flight {unknown}
 V - a potion of poison {unknown}
Comestibles
 g - 5 bread rations
 h - 2 fruits
 j - 8 meat rations
 q - 2 slices of pizza
 s - 5 beef jerkies
 U - a royal jelly


   Skills:
 + Level 4.9 Fighting
 + Level 4.4 Short Blades
 + Level 5.6 Throwing
 + Level 6.9 Dodging
 * Level 10.1 Stealth
 + Level 4.2 Shields


You had 9 spell levels left.
You didn't know any spells.

Dungeon Overview and Level Annotations

Branches:
Dungeon (9/15)             Temple (1/1) D:7
   Lair: D:8-11         Orc: D:9-12

Altars:
Ashenzari
Cheibriados
Dithmenos
Elyvilon
Fedhas
Gozag
Makhleb
Nemelex Xobeh
Okawaru
Qazlal
Ru
Sif Muna
Trog
Vehumet
Xom
Yredelemnul
Zin
The Shining One

Shops:
D:7 *

Annotations:
D:9 Gastronok


Innate Abilities, Weirdness & Mutations

You have razor-sharp teeth.
You heal very quickly.
When hurt, damage is shared between your health and your magic reserves.
Your bite disrupts and absorbs the magic of your enemies.
Potions and wands cannot restore your health.
You are immune to rotting.


Message History

The tomahawk hits Gastronok but does no damage.
Gastronok is heavily wounded.
Throwing (i - inventory):
e - 2 tomahawks (quivered)
Press: ? - help, Shift-Dir - straight line, f/p - Gastronok
Aim: Gastronok, wearing the +3 hat of Pondering {ponderous, MR+ MP+10 Int+5} (heavily wounded, poisoned, covering ground quickly)
You throw a tomahawk. The tomahawk hits Gastronok.
Gastronok is heavily wounded.
Gastronok waves his eye-stalks in wide circles.
The air twists around and strikes you!
Throwing (i - inventory):
e - a tomahawk (quivered)
Press: ? - help, Shift-Dir - straight line, f/p - Gastronok
Aim: Gastronok, wearing the +3 hat of Pondering {ponderous, MR+ MP+10 Int+5} (severely wounded, poisoned, covering ground quickly)
You throw a tomahawk.
The tomahawk hits Gastronok but does no damage.
Gastronok is severely wounded.
Wield which item (- for none, * to show all)? (? for menu, Esc to quit)
This weapon is vampiric, and you must be Full or above to equip it.
Gastronok waves his eye-stalks in wide circles.
The air twists around and strikes you!
You die...

### #<#
#@# #.#
#.# #w#
.(. #.(..
..(...
..:.....
..(.....)


You could see Gastronok.

Vanquished Creatures
  An unseen horror (D:8)
  The ghost of dohliylev the Covert, a novice VSAs (D:4)
  Sigmund (D:6)
  Eustachio (D:4)
  A hungry ghost (D:7)
  Edmund (D:4)
  A water moccasin (D:5)
  A necrophage (D:8)
  3 orc warriors
  4 phantoms
  A black bear (D:6)
  A sky beast (D:4)
  2 ogres
  An ice beast (D:5)
  A centaur (D:5)
  2 big kobolds (D:8)
  2 giant frogs
  A wyvern skeleton (D:6)
  A scorpion (D:8)
  A quasit (D:8)
  2 crimson imps (D:6)
  A giant frog zombie (D:6)
  11 orc wizards
  A jelly (D:5)
  3 orc priests
  2 hounds
  9 worker ants
  2 giant frog skeletons
  Natasha (thrice) (D:3)
  4 iguanas
  A hound skeleton (D:4)
  Robin (D:4)
  3 gnolls (D:2)
  15 adders
  2 shadow imps
  2 river rats (Sewer)
  An adder zombie (D:5)
  3 worms
  7 giant geckos
  44 orcs
  2 ball pythons
  3 bats
  9 goblins
  12 hobgoblins
  5 quokkas
  6 giant cockroaches
  14 giant newts
  12 jackals
  A jackal skeleton (D:4)
  9 kobolds
  16 rats
234 creatures vanquished.

Notes
Turn   | Place    | Note
--------------------------------------------------------------
     0 | D:1      | dohliylev the Vine Stalker Assassin began the quest for the Orb.
     0 | D:1      | Reached XP level 1. HP: 11/11 MP: 2/2
   123 | D:1      | Reached skill level 5 in Stealth
   218 | D:1      | Reached XP level 2. HP: 12/15 MP: 3/3
   601 | D:2      | Reached XP level 3. HP: 18/18 MP: 4/4
   628 | D:2      | Reached skill level 1 in Dodging
   650 | D:2      | Found an opulent altar of Gozag.
   853 | D:2      | Reached XP level 4. HP: 23/23 MP: 5/5
   911 | D:2      | Reached skill level 6 in Stealth
  1088 | D:3      | Noticed Natasha
  1102 | D:3      | Killed Natasha
  1257 | D:3      | Reached XP level 5. HP: 24/26 MP: 6/6
  1261 | D:3      | Reached skill level 1 in Shields
  1326 | D:3      | Noticed Natasha
  1355 | D:3      | Killed Natasha
  1442 | D:3      | Found a shimmering altar of Xom.
  1585 | D:3      | Noticed Natasha
  1600 | D:3      | Killed Natasha
  1784 | D:4      | Noticed Robin
  1898 | D:4      | Gained mutation: You heal very quickly. [Vine Stalker growth]
  1898 | D:4      | Reached XP level 6. HP: 13/30 MP: 7/7
  2156 | D:4      | Noticed a sky beast
  2348 | D:4      | Killed Robin
  2390 | D:4      | Killed a sky beast
  2390 | D:4      | Reached XP level 7. HP: 30/35 MP: 8/8
  2494 | D:4      | Noticed Edmund
  2494 | D:4      | Noticed a phantom
  2499 | D:4      | Noticed an ogre
  2514 | D:4      | Killed Edmund
  2521 | D:4      | Killed an ogre
  2529 | D:4      | Noticed dohliylev's ghost (novice VSAs)
  2603 | D:4      | Killed dohliylev's ghost
  2603 | D:4      | Reached skill level 7 in Stealth
  2603 | D:4      | Gained mutation: You have razor-sharp teeth. [Vine Stalker growth]
  2603 | D:4      | Reached XP level 8. HP: 38/40 MP: 9/9
  2676 | D:4      | Killed a phantom
  2682 | D:4      | Noticed Eustachio
  2697 | D:4      | Killed Eustachio
  2821 | D:5      | Entered Level 5 of the Dungeon
  2861 | D:5      | Reached skill level 5 in Throwing
  3197 | D:5      | Reached skill level 5 in Dodging
  3234 | D:5      | Reached XP level 9. HP: 24/44 MP: 10/10
  3736 | D:6      | Reached skill level 8 in Stealth
  3752 | D:6      | Noticed Sigmund
  3756 | D:6      | Killed Sigmund
  4085 | D:6      | Found a glowing drain.
  4092 | Sewer    | Entered a sewer
  4663 | D:6      | Reached skill level 9 in Stealth
  4905 | D:6      | Found a radiant altar of Vehumet.
  4906 | D:6      | Found a burning altar of Makhleb.
  4938 | D:7      | Found Hiutis's Humungous Hoard.
  5055 | D:7      | Found a blossoming altar of Fedhas.
  5082 | D:7      | Found a staircase to the Ecumenical Temple.
  5130 | Temple   | Entered the Ecumenical Temple
  5764 | D:8      | Found a stormy altar of Qazlal.
  5820 | D:8      | Reached XP level 10. HP: 45/51 MP: 11/11
  5854 | D:8      | Found a shadowy altar of Dithmenos.
  5863 | D:8      | Became a worshipper of Dithmenos the Shadowed
  6263 | D:8      | Noticed an unseen horror
  6270 | D:8      | Killed an unseen horror
  6566 | D:8      | Reached skill level 10 in Stealth
  7048 | D:9      | Noticed Gastronok
  7184 | D:9      | Killed from afar by Gastronok

Action                   |  1- 3 |  4- 6 |  7- 9 | 10-12 || total
-------------------------+-------+-------+-------+-------++-------
Melee: Dagger            |    70 |   195 |   515 |   194 ||   974
 Fire: Blowgun           |    11 |    43 |    37 |    24 ||   115
Throw: Tomahawk          |       |     3 |       |     3 ||     6
  Use: Scroll            |       |       |     9 |     1 ||    10
 Stab: Sleeping          |     9 |     9 |    32 |     4 ||    54
       Distracted        |     1 |     1 |     2 |     1 ||     5
  Eat: Chunk             |       |     4 |    14 |     4 ||    22
